 Dungeon Crawl Stone Soup version 0.28.0-53-g5a82cb258f (webtiles) character file.

Game seed: 9712562293268341779

175 MisterFreud the Covert (level 5, 0/47 HPs)
             Began as a Gnoll Delver on June 24, 2022.
             Was an Initiate of Ru.
             Slain by a water moccasin zombie (3 damage)
             ... on level 5 of the Dungeon.
             The game lasted 00:02:12 (549 turns).

MisterFreud the Covert (Gnoll Delver)                Turns: 549, Time: 00:02:13

Health: 0/47       AC:  3    Str: 11    XL:     5   Next: 55%
Magic:  7/7        EV: 13    Int: 11    God:    Ru [......]
Gold:   10         SH:  0    Dex: 14    Spells: 7/7 levels left

rFire   . . .      SeeInvis .   a - +0 short sword
rCold   . . .      Faith    .   (no shield)
rNeg    . . .      Spirit   .   b - +0 leather armour
rPois   .          Reflect  .   (no helmet)
rElec   .          Harm     .   (no cloak)
rCorr   .          Rampage  .   (no gloves)
Will    .....                   (no boots)
Stlth   ++++......              (no amulet)
HPRegen 0.15/turn               (no ring)
MPRegen 0.10/turn               (no ring)

@: no status effects
A: fangs 1, strong nose, distributed training
a: Renounce Religion


You were on level 5 of the Dungeon.
You worshipped Ru.
Ru was noncommittal.
You visited 2 branches of the dungeon, and saw 3 of its levels.

You collected 10 gold pieces.

Inventory:

Hand Weapons
 a - a +0 short sword (weapon)
Armour
 b - a +0 leather armour (worn)
Wands
 g - a wand of digging (3)
Scrolls
 c - a scroll of fog
 d - a scroll of magic mapping
 e - a scroll of fear
 i - a scroll of identify {unknown}
 j - a scroll of immolation {unknown}
 k - a scroll of noise {unknown}
Potions
 f - a potion of haste
 l - a potion of lignification {unknown}


   Skills:
 + Level 6.7 Fighting
 + Level 4.8 Short Blades
 + Level 1.5 Long Blades
 + Level 1.5 Axes
 + Level 1.5 Maces & Flails
 + Level 1.5 Polearms
 + Level 1.5 Staves
 + Level 1.5 Slings
 + Level 1.5 Bows
 + Level 1.5 Crossbows
 + Level 1.5 Throwing
 + Level 1.5 Armour
 + Level 4.8 Dodging
 + Level 9.7 Stealth
 + Level 1.5 Shields
 + Level 1.5 Unarmed Combat
 + Level 1.5 Spellcasting
 + Level 1.2 Conjurations
 + Level 1.2 Hexes
 + Level 1.2 Summonings
 + Level 1.2 Necromancy
 + Level 1.2 Translocations
 + Level 1.2 Transmutations
 + Level 1.2 Fire Magic
 + Level 1.2 Ice Magic
 + Level 1.2 Air Magic
 + Level 1.2 Earth Magic
 + Level 1.2 Poison Magic
 + Level 1.7 Invocations
 + Level 1.5 Evocations


You had 7 spell levels left.
You didn't know any spells.
Your spell library contained the following spells:

 Spells                   Type           Power      Damage    Failure   Level
 Ozocubu's Armour         Ice            3%         N/A       58%         3
 Ozocubu's Refrigeration  Ice            1%         4d5       100%        7


Dungeon Overview and Level Annotations

Branches:
Dungeon (6/15)             Temple (1/1) D:5

Altars:
Fedhas
Kikubaaqudgha
Makhleb
Nemelex Xobeh
Ru
Sif Muna
Trog
Zin
The Shining One

Annotations:
D:5 Eustachio


Innate Abilities, Weirdness & Mutations

You have very sharp teeth.
Your uncanny sense of smell can sniff out nearby items.
Your experience applies equally to all skills.


Message History

You hit the water moccasin zombie.
The water moccasin zombie is moderately damaged.
The water moccasin zombie bites you but does no damage.
You hit the water moccasin zombie.
Your bite misses the water moccasin zombie.
The water moccasin zombie is moderately damaged.
The water moccasin zombie bites you.
* * * LOW HITPOINT WARNING * * *
You hit the water moccasin zombie. You bite the water moccasin zombie.
The water moccasin zombie is moderately damaged.
The water moccasin zombie misses you.
You closely miss the water moccasin zombie.
You bite the water moccasin zombie, but do no damage.
The water moccasin zombie is moderately damaged.
The water moccasin zombie closely misses you.
You barely miss the water moccasin zombie.
The water moccasin zombie is moderately damaged.
The water moccasin zombie closely misses you.
You hit the water moccasin zombie.
Your bite misses the water moccasin zombie.
The water moccasin zombie is heavily damaged.
The water moccasin zombie barely misses you.
You closely miss the water moccasin zombie.
The water moccasin zombie is heavily damaged.
The water moccasin zombie closely misses you.
You hit the water moccasin zombie.
The water moccasin zombie is heavily damaged.
The water moccasin zombie closely misses you.
You hit the water moccasin zombie.
The water moccasin zombie is heavily damaged.
The water moccasin zombie barely misses you.
You hit the water moccasin zombie.
The water moccasin zombie is severely damaged.
The water moccasin zombie bites you!
* * * LOW HITPOINT WARNING * * *
You hit the water moccasin zombie.
The water moccasin zombie is severely damaged.
The water moccasin zombie closely misses you.
The water moccasin zombie bites you.
You die...

#.#....#...#
#....#.#.###
####.........
#........#.## ##
#.###.##...# ..
#.# #...Z### ###.
#.####.#.# #..
......(..# #.#
..#####..# #@#
..#####..#######Z#
.................#
.#####..>#########
. #.##........ ∆ .
#.##.##.#### .
#..... .


..PPPPP . PPP...PP You could see a water moccasin zombie.

Vanquished Creatures
  A phantom (D:6)
  A bullfrog zombie (D:5)
  A jelly (D:5)
  An orc priest (D:5)
  An adder (D:6)
5 creatures vanquished.

Notes
Turn   | Place    | Note
-------+----------+-------------------------------------------
     0 | D:5      | Reached skill level 9 in Stealth
     0 | D:5      | MisterFreud the Gnoll Delver began the quest for the Orb.
     0 | D:5      | Reached XP level 1. HP: 23/23 MP: 1/1
    22 | D:5      | Noticed Eustachio
    38 | D:5      | Noticed a jelly
    40 | D:5      | Found a staircase to the Ecumenical Temple.
    42 | D:5      | Killed a jelly
    43 | D:5      | Reached XP level 2. HP: 29/29 MP: 2/2
    43 | D:5      | Reached XP level 3. HP: 35/35 MP: 3/3
    53 | Temple   | Entered the Ecumenical Temple
   105 | Temple   | Became a worshipper of Ru the Awakened
   302 | D:6      | Noticed a phantom
   303 | D:6      | Killed a phantom
   304 | D:6      | Reached skill level 1 in Long Blades
   304 | D:6      | Reached skill level 1 in Axes
   304 | D:6      | Reached skill level 1 in Maces & Flails
   304 | D:6      | Reached skill level 1 in Polearms
   304 | D:6      | Reached skill level 1 in Staves
   304 | D:6      | Reached skill level 1 in Slings
   304 | D:6      | Reached skill level 1 in Bows
   304 | D:6      | Reached skill level 1 in Crossbows
   304 | D:6      | Reached skill level 1 in Throwing
   304 | D:6      | Reached skill level 1 in Armour
   304 | D:6      | Reached skill level 1 in Shields
   304 | D:6      | Reached skill level 1 in Unarmed Combat
   304 | D:6      | Reached skill level 1 in Spellcasting
   304 | D:6      | Reached skill level 1 in Conjurations
   304 | D:6      | Reached skill level 1 in Hexes
   304 | D:6      | Reached skill level 1 in Summonings
   304 | D:6      | Reached skill level 1 in Necromancy
   304 | D:6      | Reached skill level 1 in Translocations
   304 | D:6      | Reached skill level 1 in Transmutations
   304 | D:6      | Reached skill level 1 in Fire Magic
   304 | D:6      | Reached skill level 1 in Ice Magic
   304 | D:6      | Reached skill level 1 in Air Magic
   304 | D:6      | Reached skill level 1 in Earth Magic
   304 | D:6      | Reached skill level 1 in Poison Magic
   304 | D:6      | Reached skill level 1 in Invocations
   304 | D:6      | Reached skill level 1 in Evocations
   304 | D:6      | Reached XP level 4. HP: 41/41 MP: 3/5
   332 | D:5      | Reached XP level 5. HP: 30/47 MP: 5/7
   549 | D:5      | Slain by a water moccasin zombie

Illustrated notes

Levels and vault maps discovered:
D:5:      layout_basic, mainiacjoe_overflow_catch_the_wave,
          minmay_temple_entry_trees, uniq_eustachio, uniq_sigmund
D:6:      layout_cave_pools, lemuel_tele_altar
Temple:   compressed_dpeg_triangle_lava_temple

Skill      XL: |  1  2  3 |
---------------+----------+-----
Stealth        | |  9.7
Long Blades    | 1 |  1.5
Axes           | 1 |  1.5
Maces & Flails | 1 |  1.5
Polearms       | 1 |  1.5
Staves         | 1 |  1.5
Slings         | 1 |  1.5
Bows           | 1 |  1.5
Crossbows      | 1 |  1.5
Throwing       | 1 |  1.5
Armour         | 1 |  1.5
Shields        | 1 |  1.5
Unarmed Combat | 1 |  1.5
Spellcasting   | 1 |  1.5
Conjurations   | 1 |  1.2
Hexes          | 1 |  1.2
Summonings     | 1 |  1.2
Necromancy     | 1 |  1.2
Translocations | 1 |  1.2
Transmutations | 1 |  1.2
Fire Magic     | 1 |  1.2
Ice Magic      | 1 |  1.2
Air Magic      | 1 |  1.2
Earth Magic    | 1 |  1.2
Poison Magic   | 1 |  1.2
Invocations    | 1 |  1.7
Evocations     | 1 |  1.5
Fighting       | |  6.7
Short Blades   | |  4.8
Dodging        | |  4.8

Action                   |  1- 3 |  4- 6 || total
-------------------------+-------+-------++-------
Melee: Short sword       |     2 |    38 ||    40
       Bite              |       |     7 ||     7
       Punch             |       |     2 ||     2
  Use: Potion            |       |     1 ||     1
 Stab: Sleeping          |     2 |       ||     2
Armor: Leather armour    |       |     6 ||     6
Dodge: Dodged            |       |    28 ||    28
